 Dungeon Sprint DCSS version 0.18.1-50-g88ac8fd (webtiles) character file.

725 Kagutsuchi the Fighter (level 7, -13/73 HPs)
             Began as a Pale Draconian Berserker on Oct 20, 2016.
             Was a Priest of Trog.
             Mangled by a yaktaur captain (22 damage)
             ... in the Dungeon (Sprint II: "The Violet Keep of Menkaure").
             The game lasted 00:04:07 (270 turns).

Kagutsuchi the Fighter (Pale Draconian Berserker)    Turns: 270, Time: 00:04:08

Health: -13/73     AC:  6    Str: 19    XL:     7   Next: 43%
Magic:  7/7        EV: 16    Int:  8    God:    Trog [***...]
Gold:   68         SH:  0    Dex: 12    Spells: 0 memorised, 6 levels left

rFire  . . .     SeeInvis .     a - +0 falchion
rCold  . . .     Gourm    .     (armour unavailable)
rNeg   . . .     Faith    .     (no shield)
rPois  .         Spirit   .     (helmet restricted)
rElec  .         Dismiss  .     (no cloak)
rCorr  .         Reflect  .     (no gloves)
SustAt .         Harm     .     (no boots)
MR     .....     NoTele   +     (no amulet)
Stlth  +.........               (no ring)
                                (no ring)

@: not resistant to hostile enchantments, very unstealthy
A: breathe steam, unfitting armour, cold-blooded, AC +6
a: Breathe Steam, Berserk, Trog's Hand, Burn Spellbooks, Renounce Religion


You were in the Dungeon.
You worshipped Trog.
Trog was most pleased with you.
You were completely stuffed.

You visited 1 branch You collected 243 gold pieces.
You spent 175 gold pieces at shops.

Inventory:

Hand Weapons
 a - a +0 falchion (weapon)
Scrolls
 h - a scroll of blinking
Potions
 e - a potion of haste
 f - 2 potions of magic
 g - a potion of berserk rage
Comestibles
 c - a beef jerky


   Skills:
 + Level 10.8 Fighting
 + Level 10.0 Long Blades
 + Level 9.0 Dodging


You had 6 spell levels left.
You didn't know any spells.

Dungeon Overview and Level Annotations

Branches:
Dungeon (1/1)

Altars:

Shops:
D [=:(![!:%}}!?=[!

Annotations:
D exclusion: oklob plant, Kirke


Innate Abilities, Weirdness & Mutations

You can breathe blasts of scalding, opaque steam.
Your pale cyan-grey scales are hard (AC +6).
Your body does not fit into most forms of armour.
You are cold-blooded and may be slowed by cold attacks.


Message History

The elephant trumpets!
The elephant moves out of view.
A skeletal warrior comes into view. It is wielding a war axe.
The yaktaur captain shoots a bolt.
The bolt hits you!!
The kobold demonologist casts a spell.
A centaur warrior comes into view.
You see here a bolt.
You enter the shallow water.
Moving in this stuff is going to be slow.
The yaktaur captain shoots a bolt.
The bolt closely misses you.
You hear a splash.
You hear a shout!
The walls and floor vibrate strangely for a moment.
The yaktaur captain shoots a bolt.
The bolt hits you!!
* * * LOW HITPOINT WARNING * * *
You hear a splash.
You see here a bolt.
The centaur warrior shouts!
The yaktaur captain unwields an uncursed arbalest.
The yaktaur captain hits you!!
You die...

####+#### ##≈§§§§≈≈##
##≈≈§≈§§≈≈≈## ###
+§§≈§≈8§§≈≈≈#
#..Y####≈§§≈§§§≈≈ #.cK@c≈##
§≈≈≈§
############@≈#+++#+++##
###########≈(≈(.(......#
##........#≈≈≈≈.##+##..#
##....⌠...#≈≈≈≈##. .##.####
##...∩.∩..#≈≈≈(#.. ..#....#
##..∩.∩.∩.#≈≈### .#. ###).##
##.∩.∩.∩.∩#≈##.###†###.##..#
##∩.∩...∩.#≈#...##.##...#..#
##.∩.....∩'≈'.##†.<.+
#$'..##


You could see Kirke, a yaktaur captain, an elephant, a centaur warrior and a
kobold demonologist.

Vanquished Creatures
  A siren (D)
  4 necrophages (D)
  A crocodile (D)
  3 worms (D)
9 creatures vanquished.

Vanquished Creatures (others)
  Menkaure (D)
  A crocodile (D)
2 creatures vanquished.

Grand Total: 11 creatures vanquished

Notes
Turn   | Place    | Note
--------------------------------------------------------------
     0 | D        | Kagutsuchi the Draconian Berserker began the quest for the Orb.
     0 | D        | Reached XP level 1. HP: 19/19 MP: 1/1
     7 | D        | Reached ** piety under Trog
     9 | D        | Reached XP level 2. HP: 27/27 MP: 2/2
    12 | D        | Noticed a boulder beetle
    12 | D        | Noticed a boulder beetle
    16 | D        | Noticed a necrophage
    16 | D        | Noticed a necrophage
    16 | D        | Noticed a necrophage
    16 | D        | Noticed a necrophage
    23 | D        | Killed a necrophage
    23 | D        | Reached skill level 5 in Dodging
    23 | D        | Reached XP level 3. HP: 24/37 MP: 3/3
    23 | D        | Reached XP level 4. HP: 29/44 MP: 4/4
    27 | D        | Killed a crocodile
    32 | D        | Killed a necrophage
    32 | D        | Reached XP level 5. HP: 11/50 MP: 5/5
    48 | D        | Killed a necrophage
    48 | D        | Reached XP level 6. HP: 13/61 MP: 6/6
    72 | D        | Killed Menkaure
    74 | D        | Found Qagox's Jewellery Shoppe.
    74 | D        | Found Ithradack's Antique Armour Shoppe.
    74 | D        | Found Pauchoerph's Distillery.
    74 | D        | Found Gis Pyax's Magic Scroll Emporium.
    74 | D        | Found Potel's Gadget Shoppe.
    74 | D        | Found Boyhiupu's Gadget Shoppe.
    75 | D        | Found Wutraixo's Food Shoppe.
    75 | D        | Found Bic Ceac's Book Emporium.
    76 | D        | Found Gaclis's Distillery.
    76 | D        | Found Zechax's Antique Armour Emporium.
    76 | D        | Noticed an ice dragon
    77 | D        | Found Ipour's Distillery.
    78 | D        | Found Yxtiolao's Distillery.
    78 | D        | Found Luvvul's Antique Weapon Emporium.
    78 | D        | Noticed an oklob plant
    79 | D        | Found Olosaore's Jewellery Shoppe.
    79 | D        | Found Odoleph's Armour Emporium.
    79 | D        | Found Temu's Book Shoppe.
    80 | D        | Noticed a spiny frog
    81 | D        | Noticed a spiny frog
    83 | D        | Noticed a slime creature
    86 | D        | Bought a meat ration for 50 gold pieces
    86 | D        | Bought a beef jerky for 15 gold pieces
    92 | D        | Bought 2 potions of heal wounds for 110 gold pieces
   159 | D        | Noticed an orange crystal statue
   173 | D        | Noticed a siren
   206 | D        | Killed a siren
   206 | D        | Reached *** piety under Trog
   206 | D        | Reached skill level 10 in Fighting
   206 | D        | Reached skill level 10 in Long Blades
   206 | D        | Your scales start taking on a pale cyan-grey colour.
   206 | D        | Reached XP level 7. HP: 46/73 MP: 7/7
   249 | D        | Noticed Kirke
   249 | D        | Noticed a kobold demonologist
   249 | D        | Noticed a yaktaur captain
   250 | D        | Noticed an elephant
   251 | D        | Noticed a skeletal warrior
   252 | D        | Noticed a centaur warrior
   252 | D        | Noticed a hellwing
   270 | D        | Mangled by a yaktaur captain

Skill      XL: |  1  2  3  4  5  6 |
---------------+-------------------+-----
Dodging        | 3 5 6 9 |  9.0
Fighting       | 4 6 7 8 10 | 10.8
Long Blades    | 6 7 8 10 | 10.0

Action                   |  1- 3 |  4- 6 |  7- 9 || total
-------------------------+-------+-------+-------++-------
Melee: Falchion          |    12 |    58 |       ||    70
       Tailslap          |     4 |     3 |       ||     7
Invok: Berserk           |     1 |     1 |       ||     2
  Use: Potion            |       |     4 |       ||     4
  Eat: Meat ration       |       |     1 |       ||     1
       Bread ration      |       |     1 |       ||     1
Armor: Skin              |     1 |     8 |       ||     9
Dodge: Dodged            |     5 |    35 |     2 ||    42
